AoeStats
← Lizzie Borden

Arena

510440480Analyzed
2v2 RM · 2d ago on Oct 1, 2026· 68m 29s· 4 players
Game mode
Random Map
Map size
Medium (4 player)
Population
200
Speed
Normal
Resources
Standard
Victory
Conquest
Starting age
Dark Age
Ending age
Imperial Age
RankedLock teamsTeams togetherTeam positionsShared explorationLock speedFull tech treeHidden civsTurbo modeCheats
Victory
Defeat
🇺🇸 Turks · United States
608
+13
🇦🇷 Danes · Argentina
495
+17
🇨🇴 Lithuanians · Colombia
569
-17
🇨🇴 Vietnamese · Colombia
489
-13
CrisaorAgu
0:57 Loom
13:21 Feudal Age
20:10 Horse Collar
27:14 Castle Age
27:42 Padded Archer Armor
27:33 Fletching
27:30 Crossbowman
28:15 Thumb Ring
29:14 Leather Archer Armor
30:22 Elite Skirmisher
31:26 Double-Bit Axe
34:12 Bow Saw
34:49 Ballistics
40:21 Imperial Age
40:28 Squires
39:49 Pikeman
42:29 Scale Mail Armor
42:51 Halberdier
45:10 Ring Archer Armor
44:59 Forging
47:05 Chain Mail Armor
47:27 Iron Casting
53:58 Imperial Skirmisher
JxRawII
12:51 Feudal Age
18:24 Castle Age
17:51 Double-Bit Axe
17:50 Horse Collar
20:46 Bow Saw
25:57 Husbandry
28:20 Bloodlines
32:18 Imperial Age
30:29 Forging
33:33 Cavalier
34:16 Padded Archer Armor
34:10 Fletching
34:28 Scale Barding Armor
35:14 Tower Shields
35:42 Ballistics
35:46 Conscription
35:51 Gold Mining
35:51 Stone Mining
35:58 Elite Skirmisher
37:39 Paladin
39:48 Chemistry
38:48 Bodkin Arrow
40:43 Leather Archer Armor
43:23 Imperial Skirmisher
46:13 Iron Casting
46:00 Chain Barding Armor
46:10 Ring Archer Armor
46:25 Bracer
47:57 Wheelbarrow
47:09 Town Watch
47:10 Loom
48:53 Thumb Ring
52:01 Two-Man Saw
51:02 Elite Leitis
53:16 Plate Barding Armor
52:26 Treadmill Crane
53:00 Masonry
53:18 Murder Holes
68:21 Light Cavalry
F1TRACER
11:11 Feudal Age
12:30 Wheelbarrow
11:44 Double-Bit Axe
11:44 Horse Collar
21:20 Castle Age
22:35 Heavy Plow
22:49 Bow Saw
22:58 Gold Mining
23:03 Stone Mining
25:47 Hand Cart
25:23 Elite Skirmisher
27:49 Thumb Ring
29:26 Scale Mail Armor
33:04 Gold Shaft Mining
36:31 Imperial Age
37:00 Pikeman
40:36 Conscription
42:07 Chain Mail Armor
42:03 Forging
42:20 Ballistics
42:51 Heavy Scorpion
44:05 Conscription
45:45 Hamask
46:36 Elite Jomsviking
49:36 Northmen's Fury
51:56 Iron Casting
51:13 Fletching
51:27 Padded Archer Armor
52:23 Plate Mail Armor
52:18 Capped Ram
59:21 Squires
60:57 Cranequins
65:10 Blast Furnace
65:55 Chemistry
Lizzie Borden
12:39 Feudal Age
16:33 Castle Age
14:55 Horse Collar
17:31 Loom
17:32 Town Watch
19:00 Double-Bit Axe
20:44 Wheelbarrow
20:11 Town Patrol
20:49 Heavy Plow
21:34 Bow Saw
21:49 Gold Mining
22:07 Stone Mining
24:48 Fletching
28:10 Bloodlines
28:58 Husbandry
30:50 Ballistics
30:27 Murder Holes
36:16 Imperial Age
35:14 Bodkin Arrow
35:20 Padded Archer Armor
36:18 Heavy Camel Rider
38:27 Bracer
43:33 Elite Janissary
44:50 Hoardings
44:45 Scale Barding Armor
44:56 Leather Archer Armor
44:52 Forging
45:02 Fortified Wall
49:29 Chain Barding Armor
62:43 Iron Casting
62:44 Plate Barding Armor
62:40 Ring Archer Armor
64:37 Caravan
66:14 Blast Furnace
Connection lost

Rejoining the realm…

Still unreachable

The connection could not be restored.

Session expired

The server has moved on; the page needs a fresh start.